AoeStats
← Striker081488

Arabia

509260451Analyzed
1v1 RM · 5d ago on Sep 26, 2026· 50m 56s· 2 players
Game mode
Random Map
Map size
Tiny (2 player)
Population
200
Speed
Normal
Resources
Standard
Victory
Conquest
Starting age
Dark Age
Ending age
Imperial Age
RankedLock teamsTeams togetherTeam positionsShared explorationLock speedFull tech treeHidden civsTurbo modeCheats
Victory
Defeat
🇧🇷 Franks · Brazil
448
+15
🇨🇦 Magyars · Canada
420
-15
rimouski11
11:06 Feudal Age
9:22 Loom
11:39 Double-Bit Axe
16:38 Horse Collar
19:16 Fletching
19:26 Padded Archer Armor
20:39 Scale Barding Armor
21:59 Bloodlines
28:03 Castle Age
27:34 Stone Mining
27:43 Gold Mining
30:13 Crossbowman
30:59 Thumb Ring
30:19 Light Cavalry
31:14 Bodkin Arrow
31:35 Leather Archer Armor
33:56 Chain Barding Armor
34:46 Husbandry
34:58 Husbandry
35:24 Ballistics
36:29 Heavy Plow
37:58 Pikeman
41:50 Imperial Age
41:38 Bow Saw
43:09 Bracer
43:40 Ring Archer Armor
44:15 Chemistry
44:06 Gold Shaft Mining
44:36 Two-Man Saw
43:25 Arbalester
45:02 Wheelbarrow
48:52 Hand Cart
49:27 Plate Barding Armor
Striker081488
1:53 Loom
10:25 Feudal Age
11:22 Double-Bit Axe
13:24 Wheelbarrow
21:33 Castle Age
22:27 Bow Saw
24:45 Hand Cart
24:32 Stone Mining
27:08 Gold Mining
29:00 Husbandry
28:21 Light Cavalry
29:55 Gold Shaft Mining
34:25 Forging
34:15 Scale Mail Armor
34:21 Scale Barding Armor
34:06 Fletching
34:16 Padded Archer Armor
37:05 Imperial Age
35:45 Elite Skirmisher
35:50 Pikeman
37:17 Iron Casting
36:57 Chain Mail Armor
37:02 Chain Barding Armor
36:10 Pikeman
38:54 Cavalier
40:23 Paladin
43:07 Blast Furnace
42:37 Plate Mail Armor
42:42 Plate Barding Armor
42:03 Bodkin Arrow
45:22 Leather Archer Armor
46:11 Chemistry
46:57 Halberdier
Connection lost

Rejoining the realm…

Still unreachable

The connection could not be restored.

Session expired

The server has moved on; the page needs a fresh start.